 Dungeon Crawl Stone Soup version 0.27-a0-328-g7f782ed93a (webtiles) character file.

Game seed: 8114094828887950771

1084 wakim the Stinger (level 8, 0/82 (93) HPs)
             Began as a Merfolk Venom Mage on Feb 11, 2021.
             Was an Initiate of Cheibriados.
             Slain by a wight
             ... wielding a +4 battleaxe
              (6 damage)
             ... on level 5 of the Dungeon.
             The game lasted 00:34:11 (7961 turns).

wakim the Stinger (Merfolk Venom Mage)              Turns: 7961, Time: 00:34:12

HP:   0/82 (93)     AC: 24    Str: 15    XL:     8   Next: 30%
MP:   14/14         EV:  2    Int: 18    God:    Cheibriados [......]
Gold: 331           SH:  0    Dex: 15    Spells: 6/15 levels left

rFire    + . .     SeeInvis .   a - +0 spear
rCold    . . .     Faith    .   (no shield)
rNeg     + + +     Spirit   .   (armour currently unavailable)
rPois    +         Reflect  .   (helmet currently unavailable)
rElec    .         Harm     .   (cloak currently unavailable)
rCorr    .         Rampage  .   (gloves currently unavailable)
Will     .....     NoTele   +   (boots currently unavailable)
Stlth    ++........             v - amulet "Epun Tyney" {RegenMP rF+ rN+}
HPRegen  0.23/turn              i - +6 ring of strength
MPRegen  0.39/turn              s - +4 ring of evasion

@: tree-form, heavily drained, very slow
A: (change form in water), (swift swim), (stealthy swim)
a: Renounce Religion, Bend Time


You were on level 5 of the Dungeon.
You worshipped Cheibriados.
Cheibriados was noncommittal.
You were a tree.
You visited 2 branches of the dungeon, and saw 7 of its levels.

You collected 331 gold pieces.

Inventory:

Hand Weapons
 a - a +0 spear (weapon)
 b - a +2 mace of protection
 p - a +1 antimagic spear
Missiles
 c - 6 boomerangs
Armour
 e - a +0 kite shield
 g - a +1 pair of boots (melded)
 j - a +0 robe (melded)
 r - a +0 helmet (melded)
Jewellery
 i - a +6 ring of strength (left branch)
 q - a ring of fire
 s - a +4 ring of evasion (right branch)
 v - the amulet "Epun Tyney" (around neck) {RegenMP rF+ rN+}
   (You found it on level 4 of the Dungeon)

   [amulet of magic regeneration]

   It increases your magic regeneration.
   It protects you from fire.
   It protects you from negative energy.
Wands
 n - a wand of paralysis (7)
 w - a wand of polymorph (5)
Scrolls
 f - 2 scrolls of identify
 h - 3 scrolls of brand weapon {unknown}
 l - 7 scrolls of teleportation
 o - a scroll of enchant armour
 x - a scroll of amnesia
Potions
 d - a potion of lignification
 k - a potion of flight {unknown}
 m - a potion of curing {unknown}
 u - a potion of brilliance {unknown}
 A - a potion of heal wounds {unknown}


   Skills:
 - Level 5.0 Fighting
 + Level 4.2 Polearms
 + Level 4.8 Dodging
 + Level 3.5 Stealth
 - Level 4.0 Spellcasting
 - Level 1.3 Transmutations
 + Level 6.5 Poison Magic


You had 6 spell levels left.
You knew the following spells:

 Your Spells              Type           Power        Failure   Level
b - Poisonous Vapours     Pois/Air       30%          6%          2
c - Olgreb's Toxic Radia  Pois           27%          10%         4
d - Ignite Poison         Fire/Tmut/Pois 13%          16%         3

Your spell library contained the following spells:

 Spells                   Type           Power        Failure   Level
 Sting                    Tmut/Pois      68%          3%          1
 Magic Dart               Conj           12%          14%         1
 Mephitic Cloud           Conj/Pois/Air  11%          19%         3
 Blink                    Tloc           N/A          22%         2
 Call Imp                 Summ           3%           22%         2
 Slow                     Hex            3%           22%         2
 Conjure Flame            Conj/Fire      3%           41%         3


Dungeon Overview and Level Annotations

Branches:
Dungeon (6/15)             Temple (1/1) D:5

Altars:
Ashenzari
Cheibriados
Dithmenos
Fedhas
Hepliaklqana
Kikubaaqudgha
Makhleb
Nemelex Xobeh
Okawaru
Qazlal
Ru
Sif Muna
Trog
Uskayaw
Vehumet
Wu Jian
Xom
Yredelemnul
Zin

Annotations:
D:4 Menkaure


Message History

You hit the wight.
The wight is heavily damaged.
The wight hits you with a +4 battleaxe.
* * * LOW HITPOINT WARNING * * *
You hit the wight.
The wight is heavily damaged.
You hit the wight but do no damage.
The wight is heavily damaged.
The wight hits you but does no damage.
You barely miss the wight.
The wight is heavily damaged.
The wight barely misses you.
You barely miss the wight.
The wight is heavily damaged.
You hit the wight.
The wight is severely damaged.
The wight hits you with a +4 battleaxe.
* * * LOW HITPOINT WARNING * * *
You barely miss the wight.
The wight is severely damaged.
The wight hits you with a +4 battleaxe.
* * * LOW HITPOINT WARNING * * *
You hit the wight but do no damage.
The wight is severely damaged.
You hit the wight but do no damage.
The wight is severely damaged.
The wight hits you but does no damage.
You closely miss the wight.
The wight is heavily damaged.
The wight hits you but does no damage.
You hit the wight.
The wight is severely damaged.
The wight hits you with a +4 battleaxe.
* * * LOW HITPOINT WARNING * * *
You hit the wight but do no damage.
The wight is severely damaged.
You hit the wight.
The wight is almost destroyed.
The wight hits you with a +4 battleaxe.
You die...

#......# #..........# ##.###
#.##.#.# #.##.#####.# #.#
#.##.#.# #.#...## #.# #.#
#.##.#.###)##...###.# #.#
#.##.............##.#######.#
#.####.###.##...###.[.......# #.#
#.# #.##..[....######### #.####.#
#....z..#### #...)..# #####♣###
########## ####.##### #.......#
#........# ### #.#####.#
#.##.###.# ##.## #....##.# #.##.#
#.# ##.#.##
#..#..#.#####....###.###.###.####
#.###.........##........## ##....
#..#<.#.#####.#...##.###.###.###÷
#....##.# #......#.# ##.#.###≈#


You could see a wight.

Vanquished Creatures
  Sigmund (D:2)
  2 ogres
  A phantom (D:4)
  Blork the orc (D:4)
  An orc priest (D:4)
  A centaur skeleton (D:5)
  2 hounds
  Jessica (D:2)
  4 worker ants
  Ijyb (D:3)
  An orc wizard (D:6)
  11 gnolls
  A howler monkey skeleton (D:2)
  7 adders
  A river rat (D:5)
  A white imp (D:5)
  2 adder skeletons
  A worm (D:2)
  The ghost of tsouns the Sneak, a weakling HODe (D:4)
  2 dart slugs (D:2)
  5 leopard geckos
  14 orcs
  2 ball pythons
  11 bats
  8 giant cockroaches
  4 goblins
  8 hobgoblins
  9 jackals
  7 kobolds
  3 frilled lizards
  A jackal skeleton (D:4)
  A quokka skeleton (D:5)
  12 rats
  A spectral orc (D:4)
129 creatures vanquished.

Notes
Turn   | Place    | Note
-------+----------+-------------------------------------------
     0 | D:1      | wakim the Merfolk Venom Mage began the quest for the Orb.
     0 | D:1      | Reached XP level 1. HP: 13/13 MP: 3/3
   161 | D:1      | Reached XP level 2. HP: 20/20 MP: 1/5
   439 | D:1      | Reached skill level 1 in Fighting
   919 | D:1      | Reached skill level 4 in Poison Magic
   919 | D:1      | Reached XP level 3. HP: 16/26 MP: 2/6
  1040 | D:1      | Learned a level 2 spell: Poisonous Vapours
  1375 | D:2      | Noticed Sigmund
  1475 | D:2      | Killed Sigmund
  1476 | D:2      | Reached skill level 5 in Poison Magic
  1476 | D:2      | Reached XP level 4. HP: 5/34 MP: 1/8
  1476 | D:2      | Reached XP level 5. HP: 6/39 MP: 1/9
  2267 | D:2      | Reached XP level 6. HP: 42/46 MP: 3/10
  2538 | D:2      | Noticed Jessica
  2545 | D:2      | Killed Jessica
  3182 | D:2      | Found a hazy altar of Hepliaklqana.
  3187 | D:2      | Found a broken altar of Ashenzari.
  3190 | D:2      | Found an ornate altar of the Wu Jian Council.
  3426 | D:3      | Noticed Ijyb
  3429 | D:3      | Paralysed by Ijyb for 5 turns
  3433 | D:3      | Killed Ijyb
  3434 | D:3      | Reached skill level 6 in Poison Magic
  3497 | D:3      | Learned a level 4 spell: Olgreb's Toxic Radiance
  3501 | D:3      | Learned a level 3 spell: Ignite Poison
  3699 | D:3      | HP: 2/47 [gnoll/+2 flail of holy wrath (12)]
  4391 | D:3      | Reached skill level 1 in Polearms
  4581 | D:3      | Reached XP level 7. HP: 53/53 MP: 7/12
  5192 | D:4      | Found a shadowy altar of Dithmenos.
  5228 | D:4      | Noticed Blork the orc
  5243 | D:4      | Killed Blork the orc
  5372 | D:4      | Got a clouded ruby amulet
  5378 | D:4      | Identified the amulet "Epun Tyney" {RegenMP rF+ rN+} (You
                  | found it on level 4 of the Dungeon)
  5864 | D:4      | Found a basalt altar of Yredelemnul.
  6002 | D:4      | Noticed tsouns's ghost (weakling HODe)
  6003 | D:4      | Found a large runed translucent door.
  6003 | D:4      | Found a large runed translucent door.
  6033 | D:4      | Killed tsouns's ghost
  6143 | D:4      | Found a blossoming altar of Fedhas.
  6144 | D:4      | Noticed Menkaure
  6333 | D:4      | Reached skill level 5 in Fighting
  6497 | D:5      | Entered Level 5 of the Dungeon
  6613 | D:5      | Reached XP level 8. HP: 59/62 MP: 14/14
  6684 | D:5      | Found a stormy altar of Qazlal.
  7081 | D:5      | Found a staircase to the Ecumenical Temple.
  7095 | Temple   | Entered the Ecumenical Temple
  7152 | Temple   | Became a worshipper of Cheibriados the Contemplative
  7961 | D:5      | Slain by a wight

Illustrated notes

Levels and vault maps discovered:
D:1:      minmay_arrival_wavy_path, layout_basic
D:2:      minmay_diamond_boxcup, layout_loops_corners, minitemple, uniq_jessica,
          uniq_sigmund
D:3:      lemuel_upstairs_altar, layout_loops_ring, kennysheep_crisscross,
          kennysheep_generic_room_16, uniq_ijyb
D:4:      layout_basic, yredelemnul_forgotten_temple_becter,
          nicolae_overflow_crystal_walls, kennysheep_little_box,
          ebering_ghost_disaster_area, uniq_blork_the_orc, uniq_menkaure
D:5:      layout_loops_corners, grunt_qazlal_sundering,
          minmay_temple_entry_junction, gup_sewer_entry_spiral
D:6:      layout_cave_pools, kennysheep_mini, trog_three_pillars_becter,
          uniq_crazy_yiuf_cottage
Temple:   nicolae_temple_hex_pool

Skill      XL: |  1  2  3  4  5  6  7  8 |
---------------+-------------------------+-----
Fighting       | 1 2 3 5 |  5.0
Poison Magic   | 4 5 6 |  6.5
Spellcasting   | 3 4 |  4.0
Polearms       | 1 3 4 |  4.2
Dodging        | 3 4 |  4.8
Stealth        | 3 |  3.5
Transmutations | |  1.3

Action                   |  1- 3 |  4- 6 |  7- 9 || total
-------------------------+-------+-------+-------++-------
Melee: Unarmed           |    12 |       |       ||    12
       Dagger            |    38 |    46 |       ||    84
       Spear             |       |   122 |   161 ||   283
       Mace              |       |       |    24 ||    24
       Tailslap          |       |       |     5 ||     5
 Cast: Sting             |    25 |       |       ||    25
       Poisonous Vapours |     5 |    38 |    12 ||    55
       Olgreb's Toxic Ra |       |     2 |    15 ||    17
       Ignite Poison     |       |       |     4 ||     4
  Use: Scroll            |       |       |     7 ||     7
       Potion            |       |       |     1 ||     1
 Stab: Sleeping          |     3 |     9 |     4 ||    16
Armor: Robe              |    14 |    18 |    26 ||    58
       Skin              |       |       |     4 ||     4
Dodge: Dodged            |    45 |   103 |   139 ||   287

Table legend: (Time is in decaauts)
 A = Elapsed time spent in this place.
 B = Non-inter-level travel time spent in this place.
 C = Inter-level travel time spent in this place.
 D = Time resting spent in this place.
 E = Time spent auto-exploring this place.
 F = Levels seen in this place.
 G = Mean time per level.
                   A        B        C        D        E       F      G
               +--------+--------+--------+--------+--------+-----+--------+
         Total |   8094 |   7765 |    329 |   2455 |   3543 |   7 | 1156.3 |
       Dungeon |   8022 |   7693 |    329 |   2455 |   3494 |   6 | 1337.0 |
        Temple |     71 |     71 |      0 |      0 |     48 |   1 |   71.0 |
               +--------+--------+--------+--------+--------+-----+--------+

Top non-repeatable levels by time:
     D:2: 1805 daAuts
     D:3: 1667 daAuts
     D:4: 1578 daAuts
     D:1: 1490 daAuts
     D:5: 1409 daAuts
     D:6: 72 daAuts
  Temple: 71 daAuts
